 Dungeon Crawl Stone Soup version 0.31.0-12-g77e489cdc1 (webtiles) character file.

Game seed: 13761064248817506575

23 Peloso the Shield-Bearer (level 2, 29/29 HPs)
             Began as a Minotaur Fighter on Feb 28, 2024.
             Got out of the dungeon alive.
             The game lasted 00:01:17 (701 turns).

Peloso the Shield-Bearer (Minotaur Fighter)          Turns: 701, Time: 00:01:18

Health: 29/29      AC:  7    Str: 24    XL:     2   Next: 72%
Magic:  1/1        EV:  9    Int:  4    God:
Gold:   38         SH:  4    Dex:  8    Spells: 1/1 levels left

rFire   . . .        a - +0 long sword
rCold   . . .        c - +0 buckler
rNeg    . . .        b - +0 scale mail
rPois   .            (helmet restricted)
rElec   .            (no cloak)
rCorr   .            (no gloves)
SInv    .            (no boots)
Will    .....        (no amulet) Stlth
                     (no ring)
HPRegen 0.24/turn    (no ring)
MPRegen 0.07/turn

%: no passive effects
@: no status effects
A: horns 2, retaliatory headbutt, hooves 1, robust 1, strong 1
a: no special abilities


You escaped.
You visited 1 branch of the dungeon, and saw 1 of its levels.

You collected 38 gold pieces.

Inventory:

Hand Weapons
 a - a +0 long sword (weapon)
Armour
 b - a +0 scale mail (worn)
 c - a +0 buckler (worn)
Scrolls
 h - a scroll of identify {unknown}
Potions
 d - 2 potions of might
 j - 2 potions of enlightenment {unknown}


   Skills:
 + Level 3.9 Fighting
 + Level 2.9 Long Blades
 + Level 3.9 Armour
 + Level 4.1 Shields


You had one spell level left.
You didn't know any spells.
Your spell library was empty.

Dungeon Overview and Level Annotations

Branches:
Dungeon (1/15)

Altars:


Innate Abilities, Weirdness & Mutations

You have a pair of horns on your head.
You reflexively headbutt those who attack you in melee.
You have large cloven feet.
You are robust. (+10% HP)
Your muscles are strong. (Str +4, Int/Dex -1)


Message History

j - 2 bubbling emerald potions You open the door.
There is an open door here.
A goblin comes into view. It is wielding a +0 club.
The goblin shouts!
A goblin is nearby!
A goblin is nearby!
A goblin is nearby!
The goblin hits you with a +0 club.
You slash the goblin!
You kill the goblin!
You see here a +0 club.
Done exploring.
Done exploring.
Done exploring.
Done exploring.
As you read the scroll labelled ZINIEX TEUGUIB, it crumbles to dust.
It is a scroll of amnesia.
You feel forgetful for a moment.
It was a potion of invisibility.
You fade into invisibility!
It was a potion of heal wounds.
You feel much better.
It was a potion of mutation.
You feel extremely strange.
Your thoughts seem clearer.
You feel frail.
You feel less in control of your magic.
You feel extremely strange.
Your thinking seems confused.
You feel robust.
You regain control of your magic.
Your feet thicken and deform.
You feel robust.
You feel stronger.
Unknown command.
What level of the Dungeon? (default 1, ? - help)
You see here a +0 club.
There is an open door here.
You see here a +0 helmet.
There is an open door here.
You flicker for a moment.
You flicker back into view.
There is an open door here.
There is a staircase leading out of the dungeon here.
You have escaped!

####### #.#.._.. #.....#
#.#.8†.. #.....###### ##.#.....
####..........# #........
...#..........# #.....###
...#..........###########.....#
...'..........'.........'....>#
...#..........###########.....#
...#############@# #####.# ...#
#.# #.# ...# #.# ##.# #### #.#
##..# #####
#########.##########...# ....#
#.................##.#.# ....#
#.#######.#######.##.#.# ....#
#..# #.#..........#.# ....#
##.# #.#.######...#.#


There were no monsters in sight!

Vanquished Creatures
  A ball python (D:1)
  4 endoplasms (D:1)
  A giant cockroach (D:1)
  3 goblins (D:1)
  2 hobgoblins (D:1)
  A bat (D:1)
  2 frilled lizards (D:1)
  3 kobolds (D:1)
  5 rats (D:1)
22 creatures vanquished.

Notes
Turn   | Place    | Note
-------+----------+-------------------------------------------
     0 | D:1      | Peloso the Minotaur Fighter began the quest for the Orb.
     0 | D:1      | Reached XP level 1. HP: 19/19 MP: 0/0
    34 | D:1      | Found a faded altar of an unknown god.
   159 | D:1      | Reached XP level 2. HP: 27/27 MP: 1/1
   225 | D:1      | Reached skill level 4 in Shields
   642 | D:1      | Gained mutation: You possess an exceptional clarity of
                  | mind. [potion of mutation]
   642 | D:1      | Gained mutation: You are frail. (-10% HP) [potion of
                  | mutation]
   642 | D:1      | Gained mutation: Your spells are a little harder to cast,
                  | but a little more powerful. [potion of mutation]
   643 | D:1      | Lost mutation: You possess an exceptional clarity of mind.
                  | [potion of mutation]
   643 | D:1      | Lost mutation: You are frail. (-10% HP) [potion of
                  | mutation]
   643 | D:1      | Lost mutation: Your spells are a little harder to cast, but
                  | a little more powerful. [potion of mutation]
   643 | D:1      | Gained mutation: You have large cloven feet. [potion of
                  | mutation]
   643 | D:1      | Gained mutation: You are robust. (+10% HP) [potion of
                  | mutation]
   643 | D:1      | Gained mutation: Your muscles are strong. (Str +4, Int/Dex
                  | -1) [potion of mutation]
   701 | D:$      | Got out of the dungeon alive.

Illustrated notes

Levels and vault maps discovered:
D:1:      lemuel_arrival_cross, layout_basic, dreamdust_ecumenical_altar_statues

Skill      XL: |  1  2 |
---------------+-------+-----
Shields        | 4 |  4.1
Fighting       | |  3.9
Long Blades    | |  2.9
Armour         | |  3.9

Action                     || total
---------------------------++-------
  Melee: Long sword        ||    48
         Headbutt          ||     3
    Use: Potion            ||     4
         Scroll            ||     1
 Armour: Scale mail        ||    35
  Dodge: Dodged            ||    18
  Block: Buckler           ||    15
